 Dungeon Crawl Stone Soup version 0.32-a0-913-g739538afd8 (webtiles) character file.

Game seed: 12385078354626153382

6762 sleeves the Grappler (level 10, -8/98 HPs)
             Began as a Troll Conjurer on Apr 8, 2024.
             Was a Follower of Cheibriados.
             Mangled by Fannar
             ... wielding a staff of cold
              (9 damage)
             ... on level 10 of the Dungeon.
             The game lasted 00:14:44 (7366 turns).

sleeves the Grappler (Troll Conjurer)               Turns: 7366, Time: 00:14:44

Health: -8/98      AC:  5    Str: 20    XL:     10   Next: 75%
Magic:  10/10      EV: 11    Int: 21    God:    Cheibriados [*.....]
Gold:   631        SH:  0    Dex: 17    Spells: 10/11 levels left

rFire   . .          .
                       - Unarmed
rCold   . . .        (no shield)
rNeg    . . .        H - +0 troll leather armour
rPois   .            (helmet restricted)
rElec   .            (no cloak)
rCorr   .            (gloves unavailable)
SInv    .            (boots unavailable)
Will    .....        i - amulet of the acrobat
Stlth   ++           f - +6 ring of dexterity
HPRegen 1.96/turn    (no ring)
MPRegen 0.12/turn

%: acrobat
@: very slow
A: large, unfitting armour, claws 3, regeneration 1, shaggy fur 1, tough skin 1
a: Renounce Religion, Bend Time


You were on level 10 of the Dungeon.
You worshipped Cheibriados.
Cheibriados was aware of your devotion.
You visited 2 branches of the dungeon, and saw 11 of its levels.

You collected 631 gold pieces.

Inventory:

Missiles
 F - a throwing net
Armour
 l - a +1 robe of cold resistance
   (You took it off Jessica on level 2 of the Dungeon)
 A - a +0 cloak
   (You took it off Maurice on level 7 of the Dungeon)
 H - a +0 troll leather armour (worn)
   (You found it on level 9 of the Dungeon)
Jewellery
 f - a +6 ring of dexterity (left claw)
   (You found it on level 1 of the Dungeon)
 h - an amulet of guardian spirit
   (You found it on level 2 of the Dungeon)
 i - an amulet of the acrobat (around neck)
   (You found it on level 2 of the Dungeon)
 z - an amulet of reflection
   (You found it on level 6 of the Dungeon)
 C - a ring of ice
   (You found it on level 6 of the Dungeon)
 E - a +6 ring of dexterity
   (You found it on level 8 of the Dungeon)
Wands
 g - a wand of paralysis (7)
   (You found it on level 2 of the Dungeon)
 p - a wand of warping (19)
   (You took it off Terence on level 3 of the Dungeon)
 y - a wand of light (6)
   (You found it on level 4 of the Dungeon)
 B - a wand of mindburst (6)
   (You took it off Maurice on level 7 of the Dungeon)
 D - a wand of digging (5)
   (You found it on level 7 of the Dungeon)
Scrolls
 a - 2 scrolls of enchant weapon {unknown}
 j - 2 scrolls of noise
 s - 2 scrolls of fog {unknown}
 u - 2 scrolls of enchant armour {unknown}
 v - 6 scrolls of teleportation
 w - 2 scrolls of revelation
 x - 3 scrolls of poison {unknown}
 G - a scroll of brand weapon
Potions
 b - 3 potions of magic
 c - a potion of lignification {unknown}
 d - a potion of brilliance {unknown}
 e - 5 potions of curing
 m - 3 potions of might
 n - 4 potions of degeneration {unknown}
 o - a potion of mutation {unknown}
 q - a potion of attraction {unknown}
 r - 2 potions of cancellation {unknown}
 t - a potion of resistance {unknown}
 I - a potion of enlightenment {unknown}


   Skills:
 + Level 6.1 Fighting
 + Level 6.3 Dodging
 - Level 1.0 Stealth
 + Level 12.7 Unarmed Combat
 - Level 1.2 Spellcasting
 - Level 2.9 Conjurations
 + Level 0.2 Invocations


You had 10 spell levels left.
You knew the following spells:

 Your Spells              Type           Power      Damage    Failure   Level
a - Magic Dart            Conj           52%        1d5       5%          1

Your spell library contained the following spells:

 Spells                   Type           Power      Damage    Failure   Level
 Searing Ray              Conj           26%        2d5       9%          2
 Static Discharge         Conj/Air       14%        3-4/arc   16%         2
 Dazzling Flash           Conj/Hex       14%        N/A       30%         3
 Sigil of Binding         Hex            1%         N/A       50%         3
 Fulminant Prism          Conj/Alch      3%         3d5       71%         4
 Iskenderun's Mystic Bla Conj/Tloc 7%             2d4        (+2d1     71%         4
 Airstrike                Air            0%         2d(1-17)  88%         4
 Animate Dead             Necr           1%         N/A       88%         4
 Summon Lightning Spire   Summ/Air       1%         N/A       88%         4
 Death Channel            Necr           0%         N/A       100%        6
 Sculpt Simulacrum        Ice/Alch       0%         N/A       100%        6
 Starburst                Conj/Fire      3%         6d3       100%        6
 Haunt                    Necr/Summ      0%         N/A       100%        7
 Infestation              Necr           0%         N/A       100%        8
 Maxwell's Capacitive Co  Air            0%         ∞         100%        8


Dungeon Overview and Level Annotations

Branches:
Dungeon (10/15)            Temple (1/1) D:7            Lair (0/5) D:9
    Orc: D:9-12

Altars:
Ashenzari
Cheibriados
Elyvilon
Fedhas
Gozag
Hepliaklqana
Kikubaaqudgha
Makhleb
Nemelex Xobeh
Okawaru
Qazlal
Ru
Sif Muna
Trog
Uskayaw
Vehumet
Xom
Yredelemnul
Zin

Shops:
D:3 ?   D:4 [   D:7 **:=:   D:8 *

Annotations:
D:2 1 runed translucent door, Crazy Yiuf
D:10 Fannar


Innate Abilities, Weirdness & Mutations

You are too large for most types of armour.
You have claws for hands.
Your natural rate of healing is unusually fast.
You are covered in fur. (AC +1)
You have tough skin. (AC +1)


Message History

G - a scroll labelled WYFACIERYA
x - 3 scrolls labelled YTILAUQUCI (gained 1)
Found 6 stones.
m - 4 murky green potions (gained 1)
Found a stone staircase leading down.
p - a wand of warping (19) (gained 6 charges)
You open the door.
Found a scale mail.
There is an open door here.
y - a wand of light (9) (gained 5 charges)
You open the door.
There is an open door here.
Found a stone staircase leading down.
There is a shaft here.
Found 5 stones.
w - 2 scrolls of revelation (gained 1)
There is an open door here.
There is an open door here.
There is an open door here.
There is an open door here.
There is an open door here.
You open the door.
An acid dragon comes into view.
The acid dragon roars!
An acid dragon is nearby!
The acid dragon misses you. The acid dragon claws you.
There is an open door here.
You closely miss the acid dragon. You claw the acid dragon.
The acid dragon is lightly wounded.
You scratch the acid dragon but do no damage.
The acid dragon is lightly wounded.
The acid dragon spits acid at you. The splash of acid hits you!!
The acid corrodes you!
You claw the acid dragon!
You claw the acid dragon, but do no damage.
The acid dragon is heavily wounded.
The acid dragon barely misses you. The acid dragon claws you.
You barely miss the acid dragon.
The acid dragon is heavily wounded.
The acid dragon barely misses you. x2
You claw the acid dragon!
The acid dragon is almost dead.
You barely miss the acid dragon.
The acid dragon is almost dead.
The acid dragon bites you! The acid dragon claws you.
You are too injured to fight recklessly!
You are too injured to fight recklessly!
You are too injured to fight recklessly!
You are too injured to fight recklessly!
An acid dragon is nearby!
An acid dragon is nearby!
You are too injured to fight recklessly!
You are too injured to fight recklessly!
You scratch the acid dragon.
You kill the acid dragon!
Cheibriados appreciates the change of pace.
You are no longer corroded.
As you open the door, it creaks loudly!
There is an open door here.
You open the door.
There is an open door here.
You open the door.
There is an open door here.
A water moccasin comes into view.
A water moccasin is nearby!
A water moccasin is nearby!
The water moccasin hisses angrily.
The water moccasin completely misses you.
The water moccasin misses you.
You miss the water moccasin. The water moccasin closely misses you.
You claw the water moccasin!
The water moccasin is heavily wounded.
The water moccasin barely misses you.
You closely miss the water moccasin.
The water moccasin is heavily wounded.
The water moccasin bites you.
You claw the water moccasin!
You kill the water moccasin!
Cheibriados thoroughly appreciates the change of pace.
No target in view!
No target in view!
No target in view!
No target in view!
You open the door.
There is an open door here.
You open the door.
There is an open door here.
Found a great sword.
j - 2 scrolls of noise (gained 1)
There is an open door here.
You open the door.
There is an open door here.
You open the door.
An orc comes into view. It is wielding a +0 hand axe.
An orc is nearby!
The orc shouts!
The orc completely misses you.
There is an open door here.
You completely miss the orc. You claw the orc!
The orc is almost dead.
The orc hits you with a +0 hand axe.
You mangle the orc!!
You kill the orc!
Cheibriados appreciates the change of pace.
No target in view!
No target in view!
No target in view!
You see here a +0 hand axe.
You see here a +0 hand axe.
You open the door.
There is an open door here.
There is an open door here.
Done exploring.
Done exploring.
Done exploring.
There is an open door here.
There is an open door here.
There is an open door here.
There is an open door here.
Things that are here:
a +0 chain mail; a +0 hand axe
Things that are here:
a +0 robe; a +0 dagger; an orc skeleton
There is an open door here.
There is a stone staircase leading down here.
You climb downwards.
Found a scroll of teleportation, 23 gold pieces, a runed long sword and a whip.
There is a stone staircase leading up here.
There are monsters nearby!
The helpless orc warrior fails to defend itself.
You scratch the orc warrior.
The orc warrior is lightly wounded.
The orc wizard shouts!
The orc priest shouts!
The orc wizard shouts!
The orc warrior hits you with a +0 war axe!
You climb upwards.
There is a stone staircase leading down here.
You barely miss the orc warrior.
The orc warrior is lightly wounded.
The orc warrior hits you with a +0 war axe!
You closely miss the orc warrior.
The orc warrior is lightly wounded.
The orc warrior hits you with a +0 war axe!
You are too injured to fight recklessly!
You are too injured to fight recklessly!
You are too injured to fight recklessly!
You are too injured to fight recklessly!
You are too injured to fight recklessly!
You are too injured to fight recklessly!
You are too injured to fight recklessly!
You are too injured to fight recklessly!
You are too injured to fight recklessly!
You are too injured to fight recklessly!
You are too injured to fight recklessly!
You are too injured to fight recklessly!
You mangle the orc warrior!!
The orc warrior is almost dead.
The orc warrior hits you with a +0 war axe.
You claw the orc warrior!
You kill the orc warrior!
Cheibriados appreciates the change of pace.
Your Fighting skill increases to level 5!
Things that are here:
a +0 war axe; a +0 chain mail You start resting.
HP restored.
There is a stone staircase leading down, spattered with blood here.
You climb downwards.
The orc wizard casts a spell at you.
The puff of flame hits you but does no damage.
There is a stone staircase leading up, spattered with blood here.
You scratch the orc priest.
The orc priest is moderately wounded.
You scratch the orc priest.
The orc priest is severely wounded.
You scratch the orc priest but do no damage.
The orc priest is severely wounded.
The orc wizard mumbles some strange words.
The orc wizard flickers and vanishes!
Deactivating autopickup; reactivate with Ctrl-A.
The orc wizard casts a spell.
The orc wizard flickers and vanishes!
You scratch the orc priest but do no damage.
The orc priest is severely wounded.
The orc priest closely misses you.
You barely miss the orc priest.
The orc priest is severely wounded.
You hear some strange, mumbled words.
A puff of flame appears from out of thin air!
The puff of flame misses you.
You claw the orc priest!
You kill the orc priest!
Cheibriados appreciates the change of pace.
Something hits you. Something completely misses you. Something hits you.
Something barely misses you.
The orc priest casts a cantrip, but nothing happens.
Something closely misses you.
You barely miss the orc priest. You claw the orc priest.
The orc priest is moderately wounded.
You closely miss the orc priest.
The orc priest is moderately wounded.
Something completely misses you.
The orc priest hits you but does no damage.
Something hits you.
You mangle the orc priest!!
You kill the orc priest!
Cheibriados appreciates the change of pace.
Something hits you. Something hits you but does no damage.
No target in view!
No target in view!
No target in view!
No target in view!
No target in view!
No target in view!
No target in view!
No target in view!
No target in view!
No target in view!
You mangle something!!
Cheibriados appreciates the change of pace.
Reactivating autopickup.
You feel a bit more experienced. Something hits you but does no damage.
Deactivating autopickup; reactivate with Ctrl-A.
Something closely misses you.
Things that are here:
a +0 dagger; a +0 robe; an orc corpse Something closely misses you.
Something hits you. Something closely misses you. Something misses you.
There is a stone staircase leading up, spattered with blood here.
Something hits you but does no damage.
You climb upwards.
Reactivating autopickup.
There is a stone staircase leading down, spattered with blood here.
Something hits you.
Deactivating autopickup; reactivate with Ctrl-A.
You can't go down here!
You closely miss something.
You hear some strange, mumbled words.
Something tries to affect you, but you resist.
You miss something. Your claw misses something. Something hits you.
You scratch something but do no damage. You claw something!
Cheibriados appreciates the change of pace.
Reactivating autopickup.
You feel a bit more experienced.
Things that are here:
a +0 dagger; a +0 robe
There is a stone staircase leading down, spattered with blood here.
You climb downwards.
There is a stone staircase leading up, spattered with blood here.
Things that are here:
a +0 leather armour; a +2 short sword of venom
Found a sling.
v - 7 scrolls of teleportation (gained 1)
A howler monkey comes into view.
A howler monkey is nearby!
The howler monkey howls!
The howler monkey hoots and howls with incredible vigour!
A bullfrog comes into view.
You hear an angry buzzing noise.
You hear a shout! x4
The bullfrog croaks.
You hear an angry buzzing noise.
A vampire mosquito comes into view.
A vampire mosquito comes into view.
The howler monkey hits you but does no damage.
You barely miss the bullfrog. The bullfrog hits you.
The vampire mosquito bites you!
The vampire mosquito draws strength from your injuries!
The howler monkey closely misses you.
The vampire mosquito buzzes angrily.
You scratch the vampire mosquito.
The vampire mosquito is lightly damaged.
The vampire mosquito closely misses you.
The bullfrog hits you.
You claw the vampire mosquito!
The vampire mosquito is heavily damaged.
The vampire mosquito bites you.
The vampire mosquito draws strength from your injuries!
The howler monkey hoots and howls with incredible vigour!
The bullfrog hits you but does no damage.
A vampire mosquito comes into view.
The vampire mosquito bites you!
The vampire mosquito draws strength from your injuries!
The vampire mosquito buzzes angrily.
You hear a shout! x5
As you read the scroll of teleportation, it crumbles to dust.
You feel strangely unstable. The bullfrog closely misses you.
The vampire mosquito barely misses you. The howler monkey closely misses you.
The bullfrog misses you. The vampire mosquito barely misses you.
You miss the bullfrog.
The vampire mosquito closely misses you.
The howler monkey hits you. The vampire mosquito barely misses you.
The bullfrog completely misses you.
You mangle the bullfrog!!
You kill the bullfrog!
Cheibriados thoroughly appreciates the change of pace.
You can now bend time to slow others.
Cheibriados raises the support of your attributes as your movement slows.
The vampire mosquito bites you but does no damage.
The vampire mosquito barely misses you. The howler monkey hits you.
The vampire mosquito closely misses you. x2
You scratch the howler monkey.
The howler monkey is lightly wounded.
The vampire mosquito bites you.
The vampire mosquito draws strength from your injuries!
The howler monkey hits you but does no damage.
The vampire mosquito barely misses you.
A wraith comes into view.
You claw the howler monkey!
The howler monkey is almost dead.
Your surroundings suddenly seem different.
Found a stone staircase leading down.
As you read the scroll of teleportation, it crumbles to dust.
You feel strangely unstable.
You closely miss the wraith.
The vampire mosquito buzzes angrily.
You claw the wraith!
The wraith is moderately damaged.
The wraith hits you.
The howler monkey hoots and howls with incredible vigour!
The vampire mosquito closely misses you.
You hear a shout!
You closely miss the wraith.
The wraith is moderately damaged.
Your surroundings suddenly seem different.
Found a black potion and 18 gold pieces.
Found a stone staircase leading up.
There is a stone staircase leading up here.
You start resting.
A troll comes into view.
An orc wizard comes into view. It is wielding a +0 dagger.
You barely miss the troll. The troll barely misses you. The troll claws you!
The troll barely misses you.
You claw the troll!
The troll is moderately wounded.
You claw the troll!
The troll is heavily wounded.
The troll bites you! The troll claws you.
The troll claws you but does no damage.
You scratch the troll.
The troll is heavily wounded.
The troll barely misses you. x2; The troll closely misses you.
You claw the troll! Your claw misses the troll.
The troll is almost dead.
The troll completely misses you. x2; The troll misses you.
You mangle the troll!!
You kill the troll!
Cheibriados appreciates the change of pace.
The troll leather armour is intact enough to wear.
You scratch the orc wizard but do no damage.
You mangle the orc wizard!!
You kill the orc wizard!
Cheibriados appreciates the change of pace.
No target in view!
Things that are here:
a +0 troll leather armour; a troll corpse
H - a +0 troll leather armour You start removing your armour.
You continue removing your +1 robe of cold resistance. x4
You finish removing your +1 robe of cold resistance.
You feel less resistant to cold.
You start putting on your armour.
You continue putting on your +0 troll leather armour. x5
You finish putting on your +0 troll leather armour.
The armour cannot attune itself to your injured body.
HP restored.
Your armour attunes itself to your body and you begin to regenerate more quickly.
You now have 570 gold pieces (gained 18).
I - a black potion A centaur comes into view.
A centaur is nearby!
A centaur is nearby!
The centaur shouts!
The centaur wields a +0 shortbow.
The centaur shoots an arrow.
The arrow completely misses you.
The centaur shoots an arrow.
The arrow closely misses you.
Found a scroll of identify.
The centaur unwields a +0 shortbow.
The centaur completely misses you. The centaur misses you.
The centaur closely misses you. The centaur misses you.
You barely miss the centaur. You claw the centaur!
The centaur is heavily wounded.
The centaur barely misses you.
The centaur kicks you but does no damage.
You barely miss the centaur.
The centaur is heavily wounded.
The centaur barely misses you. The centaur closely misses you.
You scratch the centaur but do no damage.
The centaur is heavily wounded.
The centaur misses you. The centaur barely misses you.
The centaur hits you but does no damage.
The centaur kicks you but does no damage.
You claw the centaur!
The centaur is almost dead.
The centaur barely misses you. The centaur closely misses you.
You closely miss the centaur.
The centaur is almost dead.
The centaur hits you but does no damage.
The centaur closely misses you.
You claw the centaur!
You kill the centaur!
Cheibriados appreciates the change of pace.
No target in view!
Found a trident.
The howler monkey howls!
You hear a shout!
The howler monkey hoots and howls with incredible vigour!
You hear a shout! x5; You hear an angry buzzing noise.
A howler monkey is nearby!
An orc comes into view. It is wielding a +0 flail.
The orc shouts!
The howler monkey hoots and howls with incredible vigour!
A kobold brigand comes into view.
It is wielding a +0 short sword and quivering poisoned darts.
You hear an angry buzzing noise.
You hear a shout!
The howler monkey hoots and howls with incredible vigour!
You hear a shout! x2
You mangle the howler monkey!!
You kill the howler monkey!
Cheibriados appreciates the change of pace.
The vampire mosquito buzzes angrily.
You claw the orc!
You kill the orc!
Cheibriados appreciates the change of pace.
The kobold brigand throws a poisoned dart.
The poisoned dart completely misses you.
A kobold comes into view. It is wielding a +0 dagger.
A kobold comes into view. It is wielding a +0 whip.
A kobold comes into view. It is wielding a +0 dagger.
The kobold brigand throws a poisoned dart.
The poisoned dart hits you!
You are poisoned.
The vampire mosquito bites you!
The vampire mosquito draws strength from your injuries!
You closely miss the vampire mosquito.
You feel sick. The vampire mosquito bites you!
The vampire mosquito draws strength from your injuries!
A kobold comes into view. It is wielding a +0 club.
Okay, then.
Aiming: Paralyse
Press: ? - help, Shift-Dir - straight line, f - vampire mosquito
Aim: a vampire mosquito (chance to affect: 49%)
The vampire mosquito suddenly stops moving!
The kobold shouts!
You feel sick. The vampire mosquito bites you.
The vampire mosquito draws strength from your injuries!
The vampire mosquito closely misses you.
The vampire mosquito bites you!
The vampire mosquito draws strength from your injuries!
A kobold comes into view. It is wielding a +0 dagger.
The kobold brigand throws a poisoned dart.
The poisoned dart barely misses you.
The helpless vampire mosquito fails to defend itself.
You scratch the vampire mosquito.
The vampire mosquito is moderately damaged.
The vampire mosquito bites you but does no damage. x2
The vampire mosquito bites you!
The vampire mosquito draws strength from your injuries!
The vampire mosquito barely misses you.
A kobold comes into view. It is wielding a +0 short sword.
The helpless vampire mosquito fails to defend itself.
You mangle the vampire mosquito!!
You destroy the vampire mosquito!
You feel sick. The vampire mosquito barely misses you.
The vampire mosquito closely misses you.
You claw the vampire mosquito!
The vampire mosquito is heavily damaged.
You feel sick. The vampire mosquito bites you.
The vampire mosquito draws strength from your injuries!
The vampire mosquito closely misses you.
The kobold brigand closely misses you.
The vampire mosquito completely misses you.
You miss the vampire mosquito.
You claw the vampire mosquito, but do no damage.
The vampire mosquito is moderately damaged.
The vampire mosquito misses you. The vampire mosquito bites you.
The vampire mosquito draws strength from your injuries!
The vampire mosquito bites you.
The vampire mosquito draws strength from your injuries!
The kobold brigand hits you with a +0 short sword.
A kobold comes into view. It is wielding a +0 whip.
You mangle the vampire mosquito!!
The vampire mosquito is almost destroyed.
You feel sick.
The vampire mosquito bites you but does no damage.
The vampire mosquito closely misses you.
The vampire mosquito bites you but does no damage.
The kobold brigand hits you but does no damage.
You scratch the vampire mosquito.
You destroy the vampire mosquito!
Cheibriados thoroughly appreciates the change of pace.
The vampire mosquito bites you.
* * * LOW HITPOINT WARNING * * *
The vampire mosquito draws strength from your injuries!
The vampire mosquito barely misses you.
You miss the vampire mosquito. You claw the vampire mosquito.
The vampire mosquito is lightly damaged.
You feel sick. The vampire mosquito barely misses you.
The kobold brigand hits you with a +0 short sword.
* * * LOW HITPOINT WARNING * * *
You miss the vampire mosquito.
The vampire mosquito is lightly damaged.
The vampire mosquito barely misses you.
The kobold brigand hits you with a +0 short sword.
* * * LOW HITPOINT WARNING * * *
The vampire mosquito closely misses you.
Okay, then.
Okay, then.
Okay, then.
Aiming: Bolt of Light
Press: ? - help, Shift-Dir - straight line, f - kobold
Aim: a kobold, wielding a +0 short sword (64% to hit)
The bolt of light hits the vampire mosquito!
The vampire mosquito is heavily damaged.
The bolt of light hits the kobold!
You kill the kobold!
Cheibriados appreciates the change of pace.
The bolt of light misses the kobold.
You feel sick.
The vampire mosquito completely misses you.
The vampire mosquito barely misses you.
You scratch the vampire mosquito.
The vampire mosquito is severely damaged.
The vampire mosquito closely misses you.
The kobold closely misses you. x2
The kobold brigand hits you but does no damage.
The kobold misses you.
You barely miss the vampire mosquito.
The vampire mosquito is severely damaged.
You feel sick.
You are no longer poisoned.
The vampire mosquito bites you.
* * * LOW HITPOINT WARNING * * *
The vampire mosquito draws strength from your injuries!
The kobold barely misses you. The kobold hits you with a +0 dagger.
* * * LOW HITPOINT WARNING * * *
You miss the vampire mosquito.
The vampire mosquito is heavily damaged.
The vampire mosquito bites you!
* * * LOW HITPOINT WARNING * * *
The vampire mosquito draws strength from your injuries!
The kobold brigand hits you with a +0 short sword.
* * * LOW HITPOINT WARNING * * *
The kobold closely misses you. The vampire mosquito bites you!
* * * LOW HITPOINT WARNING * * *
The vampire mosquito draws strength from your injuries!
A two-headed ogre comes into view.
It is wielding a +0 giant club and a +0 giant spiked club.
Blink to where?
Press: ? - help, Dir - move target, p - kobold
As you read the scroll of blinking, it crumbles to dust.
Okay, then.
The kobold brigand throws a poisoned dart.
The poisoned dart hits you!
You are poisoned.
A centaur comes into view.
The kobold brigand throws a poisoned dart.
The poisoned dart closely misses you.
Okay, then.
Okay, then.
It was a potion of might.
You feel very mighty all of a sudden.
You feel sick.
The centaur wields a +0 shortbow.
The centaur shoots an arrow.
The arrow barely misses you.
You feel better.
The centaur shoots an arrow.
The arrow closely misses you.
The centaur shoots an arrow.
The arrow hits you!
* * * LOW HITPOINT WARNING * * *
Aiming: Mindburst
Press: ? - help, Shift-Dir - straight line, f - centaur
Aim: a centaur, wielding a +0 shortbow (chance to affect: 64%)
The centaur's mind is blasted!
The vampire mosquito completely misses you.
You claw the vampire mosquito!
The vampire mosquito is heavily damaged.
The vampire mosquito closely misses you.
The centaur shoots an arrow.
The arrow hits you!
* * * LOW HITPOINT WARNING * * *
The vampire mosquito bites you but does no damage.
You closely miss the vampire mosquito.
The vampire mosquito is heavily damaged.
The centaur shoots an arrow.
The arrow hits you!
* * * LOW HITPOINT WARNING * * *
The vampire mosquito bites you.
* * * LOW HITPOINT WARNING * * *
The vampire mosquito draws strength from your injuries!
You feel better. The vampire mosquito bites you.
* * * LOW HITPOINT WARNING * * *
The vampire mosquito draws strength from your injuries!
The vampire mosquito closely misses you.
The centaur shoots an arrow.
The arrow hits you.
* * * LOW HITPOINT WARNING * * *
Okay, then.
Blink to where?
Press: ? - help, Dir - move target, p - centaur
As you read the scroll of blinking, it crumbles to dust.
The centaur shoots an arrow.
The arrow completely misses you.
The centaur shoots an arrow.
The arrow misses you.
The centaur shoots an arrow.
The arrow closely misses you.
There is a stone staircase leading up, spattered with blood here.
The centaur shoots an arrow.
The arrow hits you!
* * * LOW HITPOINT WARNING * * *
You climb upwards.
There is a stone staircase leading down here.
You start resting.
HP restored.
There is an open door here.
You feel a little less mighty now.
There is an open door here.
There is a stone staircase leading down here.
You climb downwards.
Found 2 potions of curing.
Found a stone staircase leading down.
There is a stone staircase leading up here.
e - 5 potions of curing (gained 2)
Found a stone staircase leading down.
A komodo dragon comes into view.
A komodo dragon is nearby!
A komodo dragon is nearby!
The komodo dragon hisses angrily.
You mangle the komodo dragon!!
The komodo dragon is heavily wounded.
You claw the komodo dragon!
The komodo dragon is almost dead.
The komodo dragon barely misses you.
You closely miss the komodo dragon.
The komodo dragon is almost dead.
The komodo dragon bites you!!
You closely miss the komodo dragon.
The komodo dragon is almost dead.
The komodo dragon completely misses you.
You scratch the komodo dragon but do no damage.
The komodo dragon is almost dead.
You closely miss the komodo dragon.
The komodo dragon is almost dead.
The komodo dragon closely misses you.
You barely miss the komodo dragon.
The komodo dragon is almost dead.
The komodo dragon bites you!!
You scratch the komodo dragon.
You kill the komodo dragon!
Cheibriados appreciates the change of pace.
A centaur is nearby!
A centaur is nearby!
A centaur is nearby!
Found 4 javelins.
The centaur shouts!
The centaur shoots an arrow.
The arrow completely misses you.
The centaur shoots an arrow.
The arrow misses you.
The centaur shoots an arrow.
The arrow closely misses you.
The centaur shoots an arrow.
The arrow completely misses you.
The centaur unwields a +0 shortbow.
The centaur completely misses you. x3
The centaur kicks you but does no damage.
You claw the centaur!
The centaur is severely wounded.
The centaur hits you but does no damage.
The centaur kicks you but does no damage.
You barely miss the centaur.
The centaur is severely wounded.
The centaur hits you.
The centaur kicks you but does no damage.
The centaur hits you.
The centaur kicks you but does no damage.
You claw the centaur!
You kill the centaur!
Cheibriados thoroughly appreciates the change of pace.
No target in view!
HP restored.
A kobold is nearby!
A kobold is nearby!
The kobold shouts!
You hear a shout!
An orc warrior comes into view. It is wielding a +0 scimitar.
The kobold shouts!
The orc warrior shouts!
The kobold shouts!
You hear an angry buzzing noise.
The kobold brigand hits you with a +0 short sword!
The kobold shouts!
You claw the kobold brigand!
The kobold brigand is severely wounded.
You claw the kobold brigand! You claw the kobold brigand.
You kill the kobold brigand!
Cheibriados appreciates the change of pace.
Cheibriados raises the support of your attributes as your movement slows.
The kobold hits you with a +0 dagger.
You claw the kobold!
You kill the kobold!
Cheibriados appreciates the change of pace.
The kobold hits you but does no damage.
You scratch the kobold.
You kill the kobold!
Cheibriados appreciates the change of pace.
The kobold hits you but does no damage.
An orc comes into view. It is wielding a +0 club.
You barely miss the kobold. The kobold hits you but does no damage.
The orc shouts!
The vampire mosquito buzzes angrily.
You claw the kobold!
You kill the kobold!
Cheibriados appreciates the change of pace.
You mangle the kobold!!
You kill the kobold!
Cheibriados appreciates the change of pace.
The kobold hits you with a +0 dagger.
You closely miss the orc warrior. The kobold hits you but does no damage.
The orc warrior hits you with a +0 scimitar!
The kobold hits you with a +0 whip.
You scratch the orc warrior but do no damage.
The kobold hits you with a +0 dagger.
The orc warrior hits you with a +0 scimitar!
The kobold hits you with a +0 whip.
You are too injured to fight recklessly!
You are too injured to fight recklessly!
You are too injured to fight recklessly!
You are too injured to fight recklessly!
You are too injured to fight recklessly!
You are too injured to fight recklessly!
You are too injured to fight recklessly!
You are too injured to fight recklessly!
You are too injured to fight recklessly!
You are too injured to fight recklessly!
You are too injured to fight recklessly!
You are too injured to fight recklessly!
You are too injured to fight recklessly!
You are too injured to fight recklessly!
You are too injured to fight recklessly!
You closely miss the orc warrior. You scratch the orc warrior.
The orc warrior is lightly wounded.
The kobold hits you but does no damage. The orc warrior barely misses you.
The vampire mosquito bites you.
The vampire mosquito draws strength from your injuries!
The kobold hits you with a +0 whip.
Aiming: Paralyse
Press: ? - help, Shift-Dir - straight line, f - orc warrior
Aim: an orc warrior, wielding a +0 scimitar and wearing a +0 chain mail (lightly wounded, chance to affect: 49%)
The orc warrior resists with some effort.
The vampire mosquito misses you. The kobold hits you but does no damage.
The orc warrior hits you with a +0 scimitar!
The kobold closely misses you. The vampire mosquito barely misses you.
Aiming: Paralyse
Press: ? - help, Shift-Dir - straight line, f/p - orc warrior
Aim: an orc warrior, wielding a +0 scimitar and wearing a +0 chain mail (lightly wounded, chance to affect: 49%)
The orc warrior suddenly stops moving!
The vampire mosquito closely misses you.
The kobold misses you. The kobold closely misses you.
The vampire mosquito closely misses you.
The helpless orc warrior fails to defend itself.
You scratch the orc warrior but do no damage.
The orc warrior is lightly wounded.
The vampire mosquito bites you.
* * * LOW HITPOINT WARNING * * *
The vampire mosquito draws strength from your injuries!
The kobold hits you but does no damage. The kobold hits you with a +0 whip.
* * * LOW HITPOINT WARNING * * *
The orc hits you with a +0 club.
* * * LOW HITPOINT WARNING * * *
The helpless orc warrior fails to defend itself.
You scratch the orc warrior but do no damage.
You claw the orc warrior!
The orc warrior is almost dead.
The vampire mosquito bites you.
* * * LOW HITPOINT WARNING * * *
The vampire mosquito draws strength from your injuries!
The vampire mosquito bites you.
* * * LOW HITPOINT WARNING * * *
The vampire mosquito draws strength from your injuries!
The kobold barely misses you. x2; The orc hits you with a +0 club.
* * * LOW HITPOINT WARNING * * *
The helpless orc warrior fails to defend itself.
You mangle the orc warrior!!
You kill the orc warrior!
The vampire mosquito misses you. The kobold hits you but does no damage.
Aiming: Paralyse
Press: ? - help, Shift-Dir - straight line, f - vampire mosquito
Aim: a vampire mosquito (chance to affect: 49%)
The vampire mosquito resists with some effort.
The vampire mosquito closely misses you.
The kobold hits you with a +0 whip.
* * * LOW HITPOINT WARNING * * *
The orc hits you but does no damage. The vampire mosquito barely misses you.
The kobold hits you but does no damage.
Aiming: Paralyse
Press: ? - help, Shift-Dir - straight line, f/p - vampire mosquito
Aim: a vampire mosquito (chance to affect: 49%)
The vampire mosquito suddenly stops moving!
The kobold hits you but does no damage. The orc hits you with a +0 club.
* * * LOW HITPOINT WARNING * * *
The kobold closely misses you.
The helpless vampire mosquito fails to defend itself.
You claw the vampire mosquito!
The vampire mosquito is heavily damaged.
The orc closely misses you. The kobold closely misses you.
The helpless vampire mosquito fails to defend itself.
You mangle the vampire mosquito!!
You destroy the vampire mosquito!
The kobold hits you but does no damage. The orc barely misses you.
The kobold hits you with a +0 whip.
* * * LOW HITPOINT WARNING * * *
You claw the kobold!
You kill the kobold!
Cheibriados appreciates the change of pace.
The kobold misses you. The orc misses you.
You barely miss the kobold. The kobold hits you but does no damage.
The orc hits you but does no damage.
You scratch the orc but do no damage. You closely miss the kobold.
The kobold closely misses you. The orc misses you.
You scratch the orc but do no damage. The kobold hits you but does no damage.
The orc misses you.
You closely miss the kobold. The kobold hits you but does no damage.
You claw the orc!
You kill the orc!
Cheibriados appreciates the change of pace.
You scratch the kobold but do no damage.
The kobold hits you but does no damage.
You scratch the kobold. You claw the kobold.
You kill the kobold!
Cheibriados appreciates the change of pace.
You now have 584 gold pieces (gained 14).
Items here: ( )))) ††.
n - 4 smoky cyan potions (gained 2)
k - a scroll of identify
Found a quarterstaff.
You now have 585 gold pieces (gained 1).
Found a staircase to the Lair.
s - 2 scrolls labelled ERGHONLIETU (gained 1)
There is a large open door here.
Found a pair of gloves.
As you read the scroll of identify, it crumbles to dust.
G - a scroll of brand weapon
There is a large open door here.
A wraith is nearby!
A wraith is nearby!
A wraith is nearby!
You now have 586 gold pieces (gained 1).
A wraith is nearby!
A wraith is nearby!
You claw the wraith!
The wraith is moderately damaged.
The wraith hits you! The wraith drains your vigour!
You feel yourself slow down.
You scratch the wraith. You claw the wraith, but do no damage.
The wraith is heavily damaged.
The wraith hits you. The wraith drains your vigour!
You feel as though you will be slow longer.
You closely miss the wraith.
The wraith is heavily damaged.
The wraith hits you.
You scratch the wraith but do no damage.
The wraith is heavily damaged.
The wraith hits you. The wraith drains your vigour!
You feel as though you will be slow longer.
The wraith hits you! The wraith drains your vigour!
You feel as though you will be slow longer.
You mangle the wraith!!
You destroy the wraith!
Cheibriados appreciates the change of pace.
Your Dodging skill increases to level 6!
No target in view!
You see here a +1 long sword of holy wrath.
Things that are here:
a +0 leather armour; a +2 short sword of venom
Found 2 stones.
You now have 609 gold pieces (gained 23).
You feel yourself speed up.
Found 4 stones.
A two-headed ogre is nearby!
Aiming: Mindburst
Press: ? - help, Shift-Dir - straight line, f - two-headed ogre
Aim: a two-headed ogre, wielding a +0 giant club and a +0 giant spiked club (wandering, hasn't noticed you, chance to affect: 47%)
The two-headed ogre shouts in stereo!
The two-headed ogre's minds are blasted!
Aiming: Mindburst
Press: ? - help, Shift-Dir - straight line, f/p - two-headed ogre
Aim: a two-headed ogre, wielding a +0 giant club and a +0 giant spiked club (moderately wounded, chance to affect: 47%)
The two-headed ogre resists with some effort.
Aiming: Mindburst
Press: ? - help, Shift-Dir - straight line, f/p - two-headed ogre
Aim: a two-headed ogre, wielding a +0 giant club and a +0 giant spiked club (moderately wounded, chance to affect: 47%)
The two-headed ogre resists with some effort.
Aiming: Mindburst
Press: ? - help, Shift-Dir - straight line, f/p - two-headed ogre
Aim: a two-headed ogre, wielding a +0 giant club and a +0 giant spiked club (moderately wounded, chance to affect: 47%)
The two-headed ogre resists with some effort.
Aiming: Mindburst
Press: ? - help, Shift-Dir - straight line, f/p - two-headed ogre
Aim: a two-headed ogre, wielding a +0 giant club and a +0 giant spiked club (moderately wounded, chance to affect: 47%)
The two-headed ogre's minds are blasted!
You mangle the two-headed ogre!!
The two-headed ogre is almost dead.
You claw the two-headed ogre!
You kill the two-headed ogre!
Cheibriados appreciates the change of pace.
Your Fighting skill increases to level 6!
Things that are here:
a +0 giant club; a +0 giant spiked club You now have 619 gold pieces (gained 10).
There is a stone staircase leading up, spattered with blood here.
There is a large open door here.
You open the large door.
There is a large open door here.
Key pressed, stopping explore.
You see here the +9 dagger of Girphoc {speed, *Slow rCorr Str+6}.
You now have enough gold to buy a scroll of acquirement on D:3.
You can access your shopping list by pressing '$'.
You now have 631 gold pieces (gained 12).
There is a large open door here.
There is a large open door here.
There is a stone staircase leading down here.
Done exploring.
Done exploring.
Done exploring.
Done exploring.
Done exploring.
Done exploring.
Done exploring.
Done exploring.
There is a stone staircase leading down here.
You climb downwards.
There is a stone staircase leading up here.
v - 6 scrolls of teleportation (gained 1)
Found a scale mail.
Fannar the Cold-Hearted comes into view.
They are wielding a staff of cold and wearing a +1 robe of cold resistance.
Fannar shouts!
You hear a shout! x2
An ogre comes into view. It is wielding a +0 giant spiked club.
There are monsters nearby!
Aiming: Paralyse
Press: ? - help, Shift-Dir - straight line, f - Fannar
Aim: Fannar, wielding a staff of cold and wearing a +1 robe of cold resistance (chance to affect: 7%)
Okay, then.
Aiming: Bolt of Light
Press: ? - help, Shift-Dir - straight line, f - Fannar
Aim: Fannar, wielding a staff of cold and wearing a +1 robe of cold resistance (53% to hit)
The bolt of light hits Fannar!
Fannar is lightly wounded.
Fannar is blinded.
Fannar casts a spell.
Fannar blinks!
You mangle the ogre!!
The ogre is severely wounded.
The ogre hits you with a +0 giant spiked club!!
You claw the ogre!
You kill the ogre!
Cheibriados appreciates the change of pace.
Fannar misses you.
You see here a +0 giant spiked club.
You scratch Fannar.
Fannar is lightly wounded.
You claw Fannar! Your claw misses Fannar.
Fannar is moderately wounded.
Fannar is no longer blind.
Fannar closely misses you.
You mangle Fannar!!
Fannar is heavily wounded.
Fannar barely misses you.
You closely miss Fannar.
Fannar is heavily wounded.
Fannar hits you with a staff of cold! Fannar freezes you!
You are too injured to fight recklessly!
You miss Fannar. Your claw misses Fannar.
Fannar is heavily wounded.
You completely miss Fannar. Your claw misses Fannar.
Fannar is heavily wounded.
Fannar gestures at you while chanting. The bolt of cold hits you!!
* * * LOW HITPOINT WARNING * * *
You closely miss Fannar.
Fannar is heavily wounded.
Fannar closely misses you.
You scratch Fannar but do no damage.
Fannar is heavily wounded.
Fannar casts a spell.
Fannar drains the heat from the surrounding environment!
* * * LOW HITPOINT WARNING * * *
Aiming: Bolt of Light
Press: ? - help, Shift-Dir - straight line, f/p - Fannar
Aim: Fannar, wielding a staff of cold and wearing a +1 robe of cold resistance (heavily wounded, 53% to hit)
The bolt of light hits Fannar.
Fannar is severely wounded.
Fannar is blinded.
Fannar barely misses you.
You catch the helpless Fannar completely off-guard!
You claw Fannar!
Fannar is severely wounded.
You closely miss Fannar.
Fannar is severely wounded.
Fannar hits you with a staff of cold.
* * * LOW HITPOINT WARNING * * *
You catch the helpless Fannar completely off-guard!
You claw Fannar!
Fannar is almost dead.
Fannar hits you with a staff of cold.
* * * LOW HITPOINT WARNING * * *
Fannar freezes you.
* * * LOW HITPOINT WARNING * * *
You scratch Fannar but do no damage.
Fannar is almost dead.
Fannar hits you with a staff of cold.
* * * LOW HITPOINT WARNING * * *
Fannar freezes you!
* * * LOW HITPOINT WARNING * * *
You closely miss Fannar.
Fannar is almost dead.
You catch the helpless Fannar completely off-guard!
You scratch Fannar.
Fannar is almost dead.
Fannar is no longer blind.
Fannar hits you with a staff of cold.
* * * LOW HITPOINT WARNING * * *
Fannar freezes you!
You die...
Cheibriados appreciates the motionlessness of death.

#.# #.#
#.### #.#.O
#.#e# #.#.#
#.#.# #.#.#
###@#.##
#..e...#
#.#[....#
#.#........#
# #.....##.#
.....## #
.#.....
.###.... #
##.#.


You could see Fannar.

Vanquished Creatures
  A two-headed ogre (D:9)
  Pikel (D:6)
  Maurice (D:7)
  A komodo dragon (D:9)
  2 trolls
  Grinder (D:3)
  Sigmund (D:2)
  A wyvern (D:7)
  A wraith (D:9)
  3 vampire mosquitoes (D:9)
  An acid dragon (D:8)
  4 water moccasins
  2 orc warriors
  A black bear (D:6)
  2 ogres
  4 centaurs
  4 lemures
  2 phantoms
  2 bullfrogs
  3 kobold brigands
  A gnoll sergeant (D:8)
  2 scorpions
  5 wights (D:7)
  A wyvern skeleton (D:6)
  2 howler monkeys
  9 hounds
  A bombardier beetle (D:5)
  5 orc priests
  A jelly (D:5)
  7 iguanas
  Terence (D:3)
  Jessica (D:2)
  Natasha (thrice) (D:2)
  7 orc wizards
  A howler monkey zombie (D:6)
  15 gnolls
  10 adders
  2 shadow imps
  2 white imps
  2 ufetubi (D:7)
  3 dart slugs
  A ribbon worm (D:4)
  23 orcs
  A ball python (D:4)
  6 endoplasms
  5 giant cockroaches
  3 goblins
  5 hobgoblins
  4 jackals (D:5)
  2 quokkas (D:5)
  2 bats
  3 frilled lizards
  16 kobolds
  A rat (D:1)
191 creatures vanquished.

Notes
Turn   | Place    | Note
-------+----------+-------------------------------------------
     0 | D:1      | sleeves the Troll Conjurer began the quest for the Orb.
     0 | D:1      | Reached XP level 1. HP: 16/16 MP: 1/1
    41 | D:1      | Reached skill level 1 in Unarmed Combat
   171 | D:1      | Reached XP level 2. HP: 24/24 MP: 2/2
   249 | D:1      | Reached skill level 2 in Unarmed Combat
   858 | D:2      | Noticed Natasha
   871 | D:2      | Killed Natasha
   872 | D:2      | Reached skill level 3 in Unarmed Combat
   872 | D:2      | Reached XP level 3. HP: 31/31 MP: 1/3
   914 | D:2      | Noticed Natasha
   919 | D:2      | HP: 15/31 [Natasha/magic dart (7)]
   921 | D:2      | Killed Natasha
   922 | D:2      | Reached XP level 4. HP: 22/39 MP: 4/4
  1100 | D:2      | Noticed Natasha
  1108 | D:2      | Killed Natasha
  1109 | D:2      | Reached skill level 4 in Unarmed Combat
  1156 | D:2      | Noticed Sigmund
  1174 | D:2      | Killed Sigmund
  1175 | D:2      | Reached skill level 5 in Unarmed Combat
  1175 | D:2      | Reached XP level 5. HP: 45/45 MP: 5/5
  1240 | D:2      | Noticed Jessica
  1250 | D:2      | Killed Jessica
  1251 | D:2      | Reached skill level 6 in Unarmed Combat
  1251 | D:2      | Reached XP level 6. HP: 35/53 MP: 6/6
  1326 | D:2      | Found a runed translucent door.
  1327 | D:2      | Noticed Crazy Yiuf
  1584 | D:3      | Found Hacoxeb's Magic Scroll Boutique.
  1585 | D:3      | Noticed Terence
  1615 | D:3      | Noticed Grinder
  1618 | D:3      | Killed Terence
  1638 | D:3      | Killed Grinder
  1639 | D:3      | Reached skill level 7 in Unarmed Combat
  1639 | D:3      | Reached XP level 7. HP: 49/59 MP: 7/7
  2026 | D:4      | Reached skill level 8 in Unarmed Combat
  2160 | D:4      | Identified the +1 buckler "Tiotyul" {rPois rF+ SInv}
  2305 | D:4      | Found Eplurr's Armour Shoppe.
  2675 | D:5      | Entered Level 5 of the Dungeon
  2683 | D:5      | Reached skill level 9 in Unarmed Combat
  2727 | D:5      | Reached XP level 8. HP: 61/67 MP: 8/8
  2774 | D:5      | HP: 32/67 [acid (5)]
  3254 | D:5      | Reached skill level 10 in Unarmed Combat
  3739 | D:6      | Reached skill level 1 in Fighting
  3739 | D:6      | Reached skill level 2 in Dodging
  3975 | D:6      | Reached skill level 2 in Fighting
  4177 | D:6      | HP: 36/72 [something (3)]
  4325 | D:6      | Reached XP level 9. HP: 79/79 MP: 9/9
  4357 | D:6      | Noticed Pikel
  4366 | D:6      | HP: 34/79 [Pikel/+2 whip of electrocution (19)]
  4369 | D:6      | Killed Pikel
  4370 | D:6      | Reached skill level 3 in Fighting
  4370 | D:6      | Reached skill level 3 in Dodging
  4370 | D:6      | Reached skill level 11 in Unarmed Combat
  4561 | D:7      | HP: 37/81 [kobold brigand/+0 whip (5)]
  4686 | D:7      | Found Miskufets's Assorted Antiques.
  4690 | D:7      | Found the +7 great mace "Firestarter" {flame, immolate,
                  | rFlCloud rF++}
  4710 | D:7      | Found Ilownen's Book Boutique.
  4769 | D:7      | Found a staircase to the Ecumenical Temple.
  4850 | D:7      | Reached skill level 4 in Dodging
  4924 | D:7      | Found Kagrob's General Store.
  5045 | D:7      | HP: 34/81 [wight/+5 war axe (12)]
  5047 | D:7      | Reached skill level 4 in Fighting
  5099 | D:7      | Found Mokael's Book Boutique.
  5120 | D:7      | Noticed Maurice
  5129 | D:7      | Maurice stole a ring of ice
  5132 | D:7      | Killed Maurice
  5184 | D:7      | Found Okydaox Zuhe's Jewellery Shoppe.
  5464 | D:8      | Found Beutisol's Clear Minds Boutique.
  5662 | D:8      | Reached XP level 10. HP: 53/94 MP: 10/10
  5663 | D:8      | HP: 47/94 [poisoned by a water moccasin]
  5668 | D:8      | HP: 44/94 [poisoned by a water moccasin]
  5808 | Temple   | Found a transporter.
  5808 | Temple   | Found a transporter.
  5808 | Temple   | Found a transporter.
  5808 | Temple   | Found a transporter.
  5808 | Temple   | Entered the Ecumenical Temple
  5823 | Temple   | Became a worshipper of Cheibriados the Contemplative
  5960 | D:8      | Reached skill level 5 in Dodging
  6012 | D:8      | Reached skill level 12 in Unarmed Combat
  6510 | D:8      | Reached skill level 5 in Fighting
  6588 | D:9      | Reached * piety under Cheibriados
  6694 | D:9      | HP: 46/96 [vampire mosquito (5)]
  6699 | D:9      | HP: 42/96 [poisoned by a kobold brigand]
  6700 | D:9      | HP: 19/96 [vampire mosquito (9)]
  6700 | D:9      | Noticed a two-headed ogre
  6706 | D:9      | HP: 18/96 [centaur/arrow (7)]
  6707 | D:9      | HP: 6/96 [vampire mosquito (6)]
  6880 | D:9      | HP: 46/97 [vampire mosquito (6)]
  6886 | D:9      | HP: 31/98 [kobold/+0 whip (5)]
  6960 | D:9      | Found a staircase to the Lair.
  7041 | D:9      | Reached skill level 6 in Dodging
  7106 | D:9      | Killed a two-headed ogre
  7107 | D:9      | Reached skill level 6 in Fighting
  7198 | D:9      | Identified the +9 dagger of Girphoc {speed, *Slow rCorr
                  | Str+6}
  7323 | D:10     | Entered Level 10 of the Dungeon
  7341 | D:10     | Noticed Fannar
  7357 | D:10     | HP: 40/98 [Fannar/bolt of cold (22)]
  7362 | D:10     | HP: 20/98 [Fannar/staff of cold (5)]
  7364 | D:10     | HP: 1/98 [Fannar/staff of cold (12)]
  7366 | D:10     | Mangled by Fannar

Illustrated notes

Levels and vault maps discovered:
D:1:      lightli_iron_boxes, layout_basic
D:2:      layout_basic, corexii_shack, chequers_arboretum,
          kennysheep_minor_cross, uniq_sigmund, uniq_jessica,
          uniq_crazy_yiuf_cottage, uniq_natasha
D:3:      layout_basic, serial_shops, shop, uniq_terence, uniq_grinder
D:4:      layout_loops_ring, serial_shops, shop, minmay_vboxes
D:5:      layout_basic, nicolae_overflow_hidden_temple
D:6:      layout_gridville, serial_undead, serial_undead_e, serial_undead_e,
          serial_undead_e, serial_undead_f, uniq_pikel
D:7:      layout_gridville, minmay_temple_entry_nine_rooms, serial_shops, shop,
          nicolae_shop_just_a_little_nook, nicolae_shop_real_fake_doors, shop,
          shop, st_stairs_5, uniq_maurice
D:8:      layout_gridville, nicolae_clarity_for_sale
D:9:      layout_cross, david_lair_shrubbed, kennysheep_generic_room_12
D:10:     layout_loops_ring, kennysheep_little_box, uniq_snorg, uniq_urug,
          uniq_fannar, uniq_lodul
Temple:   hellmonk_temple_divided_pantheon

Skill      XL: |  1  2  3  4  5  6  7  8  9 10 |
---------------+-------------------------------+-----
Unarmed Combat | 1 3 5 6 7 9 10 11 12 | 12.7
Fighting       | 2 4 6 |  6.1
Dodging        | 2 4 6 |  6.3
Stealth        | |  1.0
Spellcasting   | |  1.2
Conjurations   | |  2.9
Invocations    | |  0.2

Action                     |  1- 3 |  4- 6 |  7- 9 | 10-12 || total
---------------------------+-------+-------+-------+-------++-------
  Melee: Unarmed           |    46 |    55 |   377 |   144 ||   622
         Punch             |     1 |     3 |    16 |    11 ||    31
  Evoke: Wand              |       |     3 |     1 |    15 ||    19
    Use: Scroll            |       |       |     5 |     5 ||    10
         Potion            |       |       |       |     3 ||     3
   Stab: Sleeping          |     2 |       |     3 |     2 ||     7
         Paralysed         |       |    10 |     2 |     7 ||    19
         Invisible         |       |       |       |     3 ||     3
 Armour: Robe              |    29 |    20 |   227 |    47 ||   323
         Troll leather arm |       |       |       |    98 ||    98
  Dodge: Dodged            |    10 |    22 |   194 |   148 ||   374

Table legend: (Time is in decaauts)
 A = Elapsed time spent in this place.
 B = Non-inter-level travel time spent in this place.
 C = Inter-level travel time spent in this place.
 D = Time resting spent in this place.
 E = Time spent auto-exploring this place.
 F = Levels seen in this place.
 G = Mean time per level.
                   A        B        C        D        E       F      G
               +--------+--------+--------+--------+--------+-----+--------+
         Total |   7679 |   7089 |    590 |    134 |   5600 |  11 |  698.1 |
       Dungeon |   7644 |   7079 |    565 |    134 |   5600 |  10 |  764.4 |
        Temple |     34 |      9 |     25 |      0 |      0 |   1 |   34.0 |
               +--------+--------+--------+--------+--------+-----+--------+

Top non-repeatable levels by time:
     D:8: 1299 daAuts
     D:5: 1044 daAuts
     D:7: 973 daAuts
     D:9: 879 daAuts
     D:4: 772 daAuts
     D:2: 767 daAuts
     D:6: 737 daAuts
     D:1: 672 daAuts
     D:3: 449 daAuts
    D:10: 47 daAuts
  Temple: 34 daAuts
